 Dungeon Crawl Stone Soup version 0.23.2-40-g277498a (webtiles) character file.

Game seed: 2819376417192383685

17187 DimondSprtn the Martial Artist (level 12, -5/103 HPs)
             Began as a Green Draconian Transmuter on Oct 14, 2019.
             Was a Priest of Ashenzari.
             Killed from afar by a lava snake (17 damage)
             ... with a glob of lava
             ... in a volcano on Oct 15, 2019.
             The game lasted 00:55:37 (16775 turns).

DimondSprtn the Martial Artist (DrTm)              Turns: 16775, Time: 00:55:37

Health: -5/103     AC: 12    Str: 12    XL:     12   Next: 16%
Magic:  22/23      EV: 17    Int: 15    God:    Ashenzari [***...]
Gold:   877        SH:  0    Dex: 16    Spells: 10/25 levels left

rFire    . . .     SeeInvis +     - Unarmed
rCold    . . .     Gourm    .   (shield currently unavailable)
rNeg     . . .     Faith    .   (armour unavailable)
rPois    +         Spirit   .   (helmet restricted)
rElec    .         Reflect  .   n - +2 cloak (curse)
rCorr    .         Harm     .   (gloves currently unavailable)
MR       .....                  L - +0 pair of boots
Stlth    +.........             e - amulet of regeneration (curse)
HPRegen  0.67/turn              (no ring)
MPRegen  0.18/turn              (no ring)

@: blade hands
A: breathe noxious fumes, unfitting armour, poison resistance, cold-blooded, AC
+8
a: Breathe Noxious Fumes, End Transformation, Curse Item, Scrying, Renounce
Religion


You were in a volcano.
You worshipped Ashenzari.
Ashenzari was most pleased with you.
You were not hungry.
You had blades for hands.
You visited 2 branches of the dungeon, and saw 13 of its levels.
You also visited: Bailey and Volcano.

You collected 935 gold pieces.
You spent 58 gold pieces at shops.

Inventory:

Hand Weapons
 M - a cursed +0 dagger (melded)
Missiles
 a - 172 arrows
 l - 6 javelins
 v - 2 throwing nets
 A - 5 tomahawks
 J - 2 poisoned tomahawks (quivered)
 K - 2 exploding tomahawks
Armour
 n - a cursed +2 cloak (worn)
 x - a scarf of cloud immunity
 L - a +0 pair of boots (worn)
Jewellery
 e - a cursed amulet of regeneration (around neck)
 s - an uncursed ring of fire
Wands
 t - a wand of acid (19)
 u - a wand of polymorph (24)
 C - a wand of random effects (18)
 D - a wand of paralysis (6)
 E - a wand of disintegration (30)
 I - a wand of iceblast (24)
 O - a wand of digging (5)
Scrolls
 f - 2 scrolls of enchant armour
 g - 3 scrolls of enchant weapon
 i - a scroll of fog {unknown}
 j - 2 scrolls of magic mapping {unknown}
 k - 6 scrolls of amnesia
 m - 2 scrolls of noise {unknown}
 p - 4 scrolls of teleportation
 q - a scroll of blinking
 r - 2 scrolls of immolation
 y - 2 scrolls of brand weapon {unknown}
 F - 7 scrolls of fear {unknown}
 N - a scroll of remove curse
Potions
 b - 2 potions of mutation
 d - 3 potions of heal wounds {unknown}
 h - a potion of resistance {unknown}
 o - 4 potions of brilliance
 w - a potion of degeneration {unknown}
 z - a potion of invisibility {unknown}
 B - a potion of berserk rage {unknown}
 G - a potion of curing
 H - 2 potions of lignification {unknown}
Comestibles
 c - 21 rations


   Skills:
 + Level 8.5 Fighting
 + Level 7.2 Dodging
 * Level 11.1 Unarmed Combat
 + Level 7.4 Spellcasting
 * Level 10.9 Transmutations


You had 10 spell levels left.
You knew the following spells:

 Your Spells              Type           Power        Failure   Level  Hunger
a - Beastly Appendage     Tmut           #####.       8%          1    None
b - Sticks to Snakes      Tmut           #####...     9%          2    None
c - Spider Form           Tmut/Pois      ###.......   30%         3    ##.....
d - Ice Form              Ice/Tmut       ###.....     52%         4    ####...
e - Blade Hands           Tmut           #####.....   30%         5    #####..

Your spell library contained the following spells:

 Spells                   Type           Power        Failure   Level  Hunger
 Passwall                 Tmut/Erth      ###.....     21%         2    None
 Flame Tongue             Conj/Fire      #....        52%         1    None
 Magic Dart               Conj           #...         52%         1    None
 Sandblast                Erth           #.....       52%         1    None
 Petrify                  Tmut/Erth      ###.....     52%         4    ####...
 Blink                    Tloc           N/A          61%         2    None
 Call Imp                 Summ           #.......     61%         2    None
 Slow                     Hex            #.......     61%         2    None
 Throw Flame              Conj/Fire      #.....       61%         2    None
 Conjure Flame            Conj/Fire      #.......     78%         3    ##.....
 Inner Flame              Hex/Fire       #.......     78%         3    ##.....
 Mephitic Cloud           Conj/Pois/Air  #.......     78%         3    ##.....
 Stone Arrow              Conj/Erth      #.....       78%         3    ##.....
 Sticky Flame             Conj/Fire      #.......     97%         4    ####...
 Fireball                 Conj/Fire      #.........   100%        5    #####..
 Lee's Rapid Deconstruct  Erth           #.........   100%        5    #####..


Dungeon Overview and Level Annotations

Branches:
Dungeon (11/15)            Temple (0/1) D:7            Lair (2/6) D:8
    Orc (0/2) D:10
  Swamp: Lair:2-4    Shoals: Lair:2-4     Snake: Lair:2-4    Spider: Lair:2-4

Altars:
Ashenzari
Fedhas
Okawaru
Beogh

Shops:
D:6 %   D:9 :   D:11 [

Annotations:
D:3 3 runed translucent doors, ClockworkOrrery's ghost, amateur OpMo


Innate Abilities, Weirdness & Mutations

You can breathe blasts of noxious fumes.
Your lurid green scales are hard. (AC +8)
You cannot fit into any form of body armour.
Your system is resistant to poisons. (rPois)
You are cold-blooded and may be slowed by cold attacks.


Message History

In the distance, the volcano erupts with a roar.
The lava snake spits lava at you. The glob of lava misses you.
The lava snake spits lava at you. The glob of lava hits you.
The lava snake spits lava at you. The glob of lava hits you!
The lava snake spits lava at you. The glob of lava hits you.
The lava snake spits lava at you. The glob of lava hits you!
* * * LOW HITPOINT WARNING * * *
The lava snake spits lava at you. The glob of lava misses you.
The lava snake spits lava at you. The glob of lava hits you!
* * * LOW HITPOINT WARNING * * *
The lava snake spits lava at you. The glob of lava hits you!
You die...

##.###..### ,
#.##∩###..##
,,*##.....###.#
,, ###....##.#
≈≈≈,*##∩####.#
..###§§..### ≈
≈≈...§≈§....## ≈≈
≈§≈≈§§≈≈....####
≈
§§≈§§≈§§≈..@##.#
≈ ≈
≈≈§≈≈≈≈≈≈≈...#.#
§§≈§§≈≈≈§§.....##
≈≈≈§§≈§≈≈≈S.....#
≈
§≈§§≈≈≈≈≈≈SS....#
≈
≈§≈≈≈≈≈≈≈≈....##
≈ §≈§§≈≈≈.....##
≈≈≈≈≈≈≈......# ≈
≈ ≈§≈≈......###


You could see 3 lava snakes.

Vanquished Creatures
  2 two-headed ogres (D:9)
  An unseen horror (D:11)
  Pikel (D:7)
  An oklob plant (Lair:1)
  2 rust devils (D:10)
  Joseph (D:7)
  A gargoyle (D:10)
  A spiny frog (Lair:1)
  A rime drake (Lair:1)
  3 komodo dragons
  2 hornets
  2 trolls
  3 blink frogs (Lair:2)
  A shadow (D:9)
  A wyvern (D:8)
  A vampire (D:11)
  2 fire bats (Volcano)
  18 yaks
  2 hungry ghosts
  2 water moccasins
  Duvessa (D:7)
  A swamp drake (D:8)
  A black bear (D:10)
  3 sky beasts
  9 orc warriors
  2 necrophages
  3 ice beasts
  6 centaurs
  2 ogres
  6 crocodiles
  A big kobold (D:10)
  8 bullfrogs
  A wyvern skeleton (D:8)
  4 killer bees (D:11)
  4 scorpions
  15 wights
  A howler monkey (D:8)
  2 jellies
  2 crimson imps
  A bullfrog zombie (D:9)
  A centaur zombie (D:10)
  2 lava snakes (Volcano)
  4 centaur skeletons
  6 hounds
  9 orc priests
  Crazy Yiuf (D:2)
  An iguana (D:10)
  Ijyb (D:3)
  7 worker ants
  10 orc wizards
  Natasha (D:2)
  A hound skeleton (D:6)
  4 worker ant zombies
  10 gnolls
  A howler monkey skeleton (D:5)
  10 adders
  3 shadow imps
  2 oozes
  3 worms
  A dart slug (D:2)
  6 leopard geckos
  78 orcs
  A ball python (D:4)
  12 bats
  8 giant cockroaches
  6 goblins
  4 hobgoblins
  25 jackals
  4 quokkas
  8 frilled lizards
  A jackal skeleton (D:4)
  8 kobolds
  2 leopard gecko skeletons
  A quokka zombie (D:7)
  9 rats
  2 plants (Lair:1)
374 creatures vanquished.

Vanquished Creatures (collateral kills)
  A hippogriff (D:8)
  An ogre (D:4)
  Dowan (D:7)
  A bullfrog skeleton (D:6)
  Natasha (twice) (D:2)
  2 adders (D:7)
  2 orcs
  A jackal (D:7)
  A frilled lizard (D:2)
12 creatures vanquished.

Vanquished Creatures (others)
  An ogre (D:7)
  A bullfrog (D:7)
  A hound (D:7)
  A jackal (D:7)
  A fungus (Lair:2)
5 creatures vanquished.

Grand Total: 391 creatures vanquished

Notes
Turn   | Place    | Note
-------+----------+-------------------------------------------
     0 | D:1      | DimondSprtn the Draconian Transmuter began the quest for
                  | the Orb.
     0 | D:1      | Reached XP level 1. HP: 16/16 MP: 3/3
   145 | D:1      | Reached XP level 2. HP: 23/23 MP: 3/5
   431 | D:1      | Learned a level 2 spell: Sticks to Snakes
   666 | D:1      | Reached XP level 3. HP: 26/28 MP: 2/6
   766 | D:1      | Learned a level 3 spell: Spider Form
  1164 | D:2      | Noticed Natasha
  1185 | D:2      | Killed Natasha
  1185 | D:2      | Reached XP level 4. HP: 3/35 MP: 5/7
  1648 | D:2      | Noticed Natasha
  1659 | D:2      | Killed Natasha
  1828 | D:2      | Noticed Natasha
  1843 | D:2      | Killed Natasha
  2081 | D:2      | Found a runed translucent door.
  2082 | D:2      | Noticed Crazy Yiuf
  2091 | D:2      | Killed Crazy Yiuf
  2091 | D:2      | Reached skill level 4 in Unarmed Combat
  2091 | D:2      | Reached XP level 5. HP: 24/41 MP: 2/8
  2289 | D:2      | Found a faded altar of an unknown god.
  2310 | D:2      | Became a worshipper of Ashenzari the Shackled
  2310 | D:2      | Reached * piety under Ashenzari
  3414 | D:3      | Noticed Ijyb
  3429 | D:3      | Killed Ijyb
  3519 | D:3      | Found a runed translucent gate.
  3519 | D:3      | Found a runed translucent gate.
  3521 | D:3      | Found a runed translucent gate.
  3521 | D:3      | Noticed ClockworkOrrery's ghost (amateur OpMo)
  3822 | D:4      | Reached XP level 6. HP: 46/50 MP: 8/10
  4409 | D:4      | Reached ** piety under Ashenzari
  4765 | D:5      | Entered Level 5 of the Dungeon
  5439 | D:5      | Your scales start taking on a lurid green colour.
  5439 | D:5      | Reached XP level 7. HP: 57/57 MP: 9/11
  5439 | D:5      | Gained mutation: Your system is resistant to poisons.
                  | (rPois) [Green Draconian growth]
  5762 | D:6      | Found Hipooluy's Food Shoppe.
  5819 | D:6      | Found an iron altar of Okawaru.
  5855 | D:6      | Reached skill level 5 in Unarmed Combat
  6382 | D:6      | Learned a level 4 spell: Ice Form
  6512 | D:6      | Reached skill level 5 in Transmutations
  6570 | D:7      | Noticed Joseph
  6764 | D:7      | Found a staircase to the Ecumenical Temple.
  6954 | D:6      | Reached XP level 8. HP: 24/66 MP: 11/13
  7062 | D:7      | HP: 2/66 [Joseph/sling bullet (19)]
  7409 | D:7      | Reached skill level 6 in Unarmed Combat
  7423 | D:7      | Noticed Pikel
  7573 | D:7      | HP: 2/66 [Joseph/+4 quarterstaff of speed (14)]
  7691 | D:7      | Killed Joseph
  7779 | D:7      | Killed Pikel
  7779 | D:7      | Reached skill level 7 in Unarmed Combat
  7779 | D:7      | Reached XP level 9. HP: 49/73 MP: 2/15
  8129 | D:7      | Noticed Duvessa
  8129 | D:7      | Noticed Dowan
  8152 | D:7      | Killed Duvessa
  8155 | D:7      | Killed Dowan
  8304 | D:8      | Reached skill level 5 in Fighting
  8697 | D:8      | Reached *** piety under Ashenzari
  8921 | D:7      | Reached skill level 5 in Spellcasting
  9202 | D:8      | Reached skill level 5 in Dodging
  9267 | D:8      | Reached skill level 8 in Unarmed Combat
  9665 | D:8      | Learned a level 5 spell: Blade Hands
  9767 | D:8      | Reached XP level 10. HP: 66/83 MP: 16/18
  9826 | D:8      | Found a staircase to the Lair.
 10016 | D:9      | Found Gano's Book Emporium.
 10323 | D:9      | Noticed a two-headed ogre
 10329 | D:9      | Killed a two-headed ogre
 10387 | D:9      | Reached skill level 9 in Unarmed Combat
 10460 | D:9      | Noticed a two-headed ogre
 10470 | D:9      | Killed a two-headed ogre
 11015 | D:10     | Entered Level 10 of the Dungeon
 11462 | D:10     | Noticed a gargoyle
 11731 | D:10     | Identified the +9 scimitar of Trial by Ordeal {protect,
                  | rPois rF+}
 11737 | D:10     | Paralysed by an orc for 3 turns
 11837 | D:10     | Found a roughly hewn altar of Beogh.
 11843 | D:10     | Reached XP level 11. HP: 74/92 MP: 15/20
 12428 | D:10     | Found a staircase to the Orcish Mines.
 13069 | D:11     | Reached skill level 10 in Unarmed Combat
 13113 | D:11     | Found a flagged portal.
 13119 | Bailey   | Entered a bailey
 13348 | Bailey   | Noticed an orc knight
 13349 | Bailey   | Noticed an orc knight
 14189 | D:11     | Noticed an unseen horror
 14205 | D:11     | Killed an unseen horror
 14205 | D:11     | Reached skill level 10 in Transmutations
 14351 | D:11     | Found Roucau's Armour Shop.
 14359 | D:11     | Bought a +0 pair of boots for 58 gold pieces
 15102 | Lair:1   | Entered Level 1 of the Lair of Beasts
 15117 | Lair:1   | HP: 4/94 [komodo dragon (22)]
 15286 | D:8      | HP: 3/112 [yak (14)]
 16263 | Lair:1   | Found a blossoming altar of Fedhas.
 16275 | Lair:1   | Noticed an oklob plant
 16307 | Lair:1   | Killed an oklob plant
 16307 | Lair:1   | Reached XP level 12. HP: 79/102 MP: 19/22
 16422 | Lair:2   | Reached skill level 11 in Unarmed Combat
 16601 | Lair:2   | Found a dark tunnel.
 16604 | Volcano  | Entered a volcano
 16775 | Volcano  | Killed from afar by a lava snake

Skill      XL: |  1  2  3  4  5  6  7  8  9 10 11 12 |
---------------+-------------------------------------+-----
Dodging        | 2 3 4 5 6 7 |  7.2
Transmutations | 3 4 5 6 8 9 10 | 10.9
Fighting       | 2 3 4 5 7 8 |  8.5
Unarmed Combat | 4 5 7 8 9 10 11 | 11.1
Spellcasting   | 3 4 5 6 7 |  7.4

Action                   |  1- 3 |  4- 6 |  7- 9 | 10-12 || total
-------------------------+-------+-------+-------+-------++-------
Melee: Unarmed           |    98 |   303 |   362 |   606 ||  1369
       Kick              |     8 |    23 |    16 |     9 ||    56
       Tailslap          |     9 |    24 |    23 |    39 ||    95
       Headbutt          |     7 |    17 |     6 |     7 ||    37
       Punch             |     1 |     3 |     4 |    10 ||    18
       Dagger            |       |       |       |    22 ||    22
Throw: Javelin           |       |       |     2 |       ||     2
 Cast: Beastly Appendage |    19 |    37 |    17 |     8 ||    81
       Sticks to Snakes  |     1 |     7 |    22 |     9 ||    39
       Spider Form       |       |     4 |    22 |    27 ||    53
       Blade Hands       |       |       |       |    25 ||    25
       Ice Form          |       |       |       |    11 ||    11
Invok: Curse Item        |       |     1 |       |     1 ||     2
 Abil: Breathe Noxious F |       |       |     6 |     7 ||    13
Evoke: Wand              |       |       |     1 |    11 ||    12
  Use: Potion            |       |     1 |     4 |       ||     5
       Scroll            |       |     3 |     9 |     3 ||    15
 Stab: Sleeping          |       |     1 |       |     2 ||     3
       Confused          |       |       |     1 |       ||     1
       Distracted        |       |       |       |     1 ||     1
  Eat: Chunk             |     1 |    16 |    20 |    30 ||    67
       Ration            |       |       |       |     2 ||     2
Armor: Skin              |    30 |   116 |    42 |   102 ||   290
Dodge: Dodged            |    67 |   224 |   349 |   657 ||  1297
